 Dungeon Crawl Stone Soup version 0.29.1-1-gd02db69 (webtiles) character file.

Game seed: 11798369898033416396

160 Timinator the Insei (level 4, -1/35 HPs)
             Began as a Demigod Transmuter on Dec 19, 2022.
             Slain by Grinder (7 damage)
             ... while paralysed by Grinder
             ... on level 3 of the Dungeon.
             The game lasted 00:07:53 (2680 turns).

Timinator the Insei (Demigod Transmuter)            Turns: 2680, Time: 00:07:54

Health: -1/35      AC:  5    Str: 11    XL:     4   Next: 96%
Magic:  10/10      EV:  2    Int: 15    God:
Gold:   193        SH:  0    Dex: 18    Spells: 6/7 levels left

rFire   . . .      SeeInvis .     - Unarmed
rCold   . . .      Faith    .   (no shield)
rNeg    . . .      Spirit   .   k - +0 ring mail
rPois   .          Reflect  .   (helmet currently unavailable)
rElec   .          Harm     .   (no cloak)
rCorr   .          Rampage  .   (no gloves)
Will    .....                   (boots currently unavailable)
Stlth   +.........              (no amulet)
HPRegen 0.11/turn               (no ring)
MPRegen 0.12/turn               (no ring)

@: paralysed, appendages (expiring)
A: horns 2, talons 2, high MP 1, forlorn, divine attributes
a: End Transformation


You were on level 3 of the Dungeon.
You had temporarily grown beastly horns and talons.
You visited 1 branch of the dungeon, and saw 3 of its levels.

You collected 193 gold pieces.

Inventory:

Armour
 a - a +0 robe
 c - a +0 helmet (melded)
 k - a +0 ring mail (worn)
Jewellery
 g - an amulet of guardian spirit
 i - a ring of magical power
Scrolls
 d - 2 scrolls of fear {unknown}
 e - a scroll of amnesia {unknown}
 f - 3 scrolls of identify {unknown}
 h - 2 scrolls of summoning {unknown}
 j - a scroll of enchant weapon {unknown}
 m - a scroll of immolation {unknown}
 n - a scroll of noise {unknown}
 p - 2 scrolls of enchant armour {unknown}
Potions
 b - 2 potions of lignification
 l - a potion of cancellation {unknown}
 o - a potion of brilliance {unknown}
 q - a potion of attraction {unknown}


   Skills:
 * Level 1.6 Fighting
 * Level 1.4 Armour
 * Level 2.5 Dodging
 + Level 3.5 Unarmed Combat
 + Level 2.2 Spellcasting
 * Level 2.7 Transmutations


You had 6 spell levels left.
You knew the following spells:

 Your Spells              Type           Power      Damage    Failure   Level
a - Beastly Appendage     Tmut           18%        N/A       17%         1

Your spell library contained the following spells:

 Spells                   Type           Power      Damage    Failure   Level
 Wereblood                Tmut           9%         N/A       26%         2
 Blink                    Tloc           2%         N/A       61%         2
 Spider Form              Tmut/Pois      5%         N/A       65%         3
 Ignite Poison            Fire/Tmut/Pois 4%         N/A       71%         3
 Lesser Beckoning         Tloc           1%         N/A       83%         3
 Mephitic Cloud           Conj/Pois/Air  1%         N/A       83%         3
 Ice Form                 Ice/Tmut       5%         N/A       96%         4
 Fulminant Prism          Conj/Hex       0%         3d6       99%         4
 Iskenderun's Mystic Bla  Conj/Tloc      1%         2d3       99%         4
 Freezing Cloud           Conj/Ice/Air   0%         6-21      100%        5
 Lee's Rapid Deconstruct  Erth           0%         3d5*      100%        5
 Manifold Assault         Tloc           1%         N/A       100%        5


Dungeon Overview and Level Annotations

Branches:
Dungeon (3/15)

Annotations:
D:3 Grinder


Innate Abilities, Weirdness & Mutations

You have temporarily grown beastly horns and talons.
You have an increased reservoir of magic. (+10% MP)
You shall have no god before yourself.
Your divine heritage dramatically boosts your attributes as you level up.


Message History

There is an escape hatch in the ceiling here.
There is a stone staircase leading up here.
There is an escape hatch in the ceiling here.
Grinder comes into view.
Grinder shouts!
Grinder moves out of view.
Grinder is nearby!
Casting: Beastly Appendage (safe; 17% risk of failure)
Confirm with . or Enter, or press ? or * to list all spells.
You grow a pair of large bovine horns.
Your feet morph into talons.
Your +0 helmet melds into your body.
You hit Grinder. You claw Grinder, but do no damage.
Your headbutt misses Grinder.
Grinder is lightly wounded.
Grinder closely misses you.
You hit Grinder.
Grinder is moderately wounded.
Grinder gestures at you. Pain shoots through your body!
You hit Grinder.
Grinder is moderately wounded.
You hit Grinder. You claw Grinder.
Grinder is heavily wounded.
Grinder completely misses you.
You hit Grinder. Your kick misses Grinder. You punch Grinder, but do no damage.
Grinder is severely wounded.
Grinder gestures at you.
You suddenly lose the ability to move!
Grinder gestures at you. Pain shoots through your body!
Grinder hits you but does no damage. Grinder hits you!
You writhe in agony.
Grinder hits you!
* * * LOW HITPOINT WARNING * * *
You writhe in agony.
* * * LOW HITPOINT WARNING * * *
Your transformation is almost over.
Grinder says, "I used to sell toenails on the black market."
Grinder hits you!
You die...

#..# #.# #. #..#####.. #.
#..##.#### #####.
########....#.### #...5.
................. # ..≈≈≈
..≈≈≈≈)._..≈≈≈≈.. #.. ...
.................
#....#.##########.....###
#...5@.......<.....#
##############.<...#
##...#### ##.)....
#######


You could see Grinder.

Vanquished Creatures
  2 orc priests (D:3)
  Terence (D:3)
  4 adders (D:3)
  2 orcs (D:3)
  5 endoplasms
  A giant cockroach (D:1)
  2 hobgoblins (D:1)
  5 jackals
  5 kobolds
  2 ball pythons (D:2)
  4 bats
  2 frilled lizards (D:1)
  3 goblins
  3 rats
41 creatures vanquished.

Notes
Turn   | Place    | Note
-------+----------+-------------------------------------------
     0 | D:1      | Timinator the Demigod Transmuter began the quest for the
                  | Orb.
     0 | D:1      | Reached XP level 1. HP: 15/15 MP: 5/5
   260 | D:1      | Reached skill level 1 in Fighting
   696 | D:1      | Reached XP level 2. HP: 23/23 MP: 5/7
  1217 | D:1      | Reached skill level 3 in Unarmed Combat
  1907 | D:3      | Reached XP level 3. HP: 14/28 MP: 6/8
  2086 | D:3      | Noticed Terence
  2100 | D:3      | Killed Terence
  2101 | D:3      | Reached skill level 1 in Armour
  2113 | D:3      | Reached XP level 4. HP: 16/35 MP: 7/9
  2663 | D:3      | Noticed Grinder
  2675 | D:3      | Paralysed by Grinder for 5 turns
  2680 | D:3      | Slain by Grinder

Illustrated notes

Levels and vault maps discovered:
D:1:      dpeg_arrival_short_road, layout_basic, basic_ecumenical_altar,
          minmay_misc_feat_plants
D:2:      layout_rooms, nrook_campfire, st_stairs_1
D:3:      layout_loops_ring, mainiacjoe_overflow_boulevard, fedhas_altar_4,
          lemuel_round_altar, gammafunk_temple_overflow_elements,
          saegor_snake_ambush, uniq_grinder, uniq_terence

Skill      XL: |  1  2  3 |
---------------+----------+-----
Fighting       | 1 |  1.6
Transmutations | 2 |  2.7
Unarmed Combat | 3 |  3.5
Dodging        | 2 |  2.5
Armour         | 1 |  1.4
Spellcasting   | 2 |  2.2

Action                   |  1- 3 |  4- 6 || total
-------------------------+-------+-------++-------
Melee: Unarmed           |   100 |    44 ||   144
       Kick              |    17 |     6 ||    23
       Headbutt          |    13 |     3 ||    16
       Punch             |       |     1 ||     1
 Cast: Beastly Appendage |    17 |     3 ||    20
 Stab: Sleeping          |     1 |       ||     1
Armor: Robe              |    23 |       ||    23
       Ring mail         |       |    15 ||    15
Dodge: Dodged            |    51 |    31 ||    82
